 Dungeon Crawl Stone Soup version 0.24.0-10-g970556be89 (webtiles) character file.

Game seed: 9473705005768413032, levelgen mode: deterministic

43608 kkkmkkk the Basher (level 13, -12/91 HPs)
             Began as a Troll Earth Elementalist on Nov 4, 2019.
             Was the Champion of Kikubaaqudgha.
             Shot with an arrow by a satyr (29 damage)
             ... on level 3 of the Abyss on Nov 5, 2019.
             The game lasted 01:15:58 (36908 turns).

kkkmkkk the Basher (Troll Earth Elementalist)      Turns: 36908, Time: 01:15:59

Health: -12/91     AC:  9    Str: 15      XL:     13   Next: 91%
Magic:  22/22      EV: 12    Int: 15 (16) God:    Kikubaaqudgha [******]
Gold:   1075       SH:  0    Dex:  6      Spells: 3/25 levels left

rFire    + . .     SeeInvis .   y - +0 flail (venom)
rCold    + . .     Gourm    +   (no shield)
rNeg     . . .     Faith    +   L - +1 robe {rC+ rF+}
rPois    +         Spirit   .   (helmet restricted)
rElec    .         Reflect  .   R - +2 cloak
rCorr    .         Harm     .   (gloves unavailable)
MR       .....     Rnd*Rage +   (boots unavailable)
Stlth    +.........             m - amulet of faith
HPRegen  0.65/turn              D - ring of wizardry
MPRegen  0.18/turn              a - ring of Qekkukho {rPois Int+5}

@: about to teleport, very slightly contaminated
A: large, unfitting armour, claws 3, [berserk 2], [blurry vision 2], [clumsy 2],
deformed body, [dopey 2], fast metabolism 3, [frail 3], gourmand, regeneration
1, [screaming 2], shaggy fur 1, tough skin 3, [weak 2], no potion heal 1
a: Receive Corpses, Torment, Brand Weapon With Pain, Receive Necronomicon,
Renounce Religion


You were on level 3 of the Abyss.
You worshipped Kikubaaqudgha.
Kikubaaqudgha was exalted by your worship.
You were very full.

You visited 3 branches of the dungeon, and saw 20 of its levels.
You visited the Abyss 1 time.
You also visited: Bailey.

You collected 1355 gold pieces.
You spent 280 gold pieces at shops.

Inventory:

Hand Weapons
 b - a +2 flail of protection
 y - a +0 flail of venom (weapon)
 G - a +1 flail of holy wrath
 M - a +0 giant spiked club
 Q - the +5 falchion of Discomfort {venom, rElec rN+, unknown}
   (You found it on level 1 of the Lair of Beasts)

   It poisons the flesh of those it strikes.
   It insulates you from electricity.
   It protects you from negative energy.
Missiles
 s - 4 silver javelins
 t - 79 stones (quivered)
 x - 41 poisoned darts
 E - 5 atropa-tipped darts
 S - 2 curare-tipped darts
Armour
 f - a +0 troll leather armour
 L - a +1 robe of resistance (worn)
 R - a +2 cloak (worn)
Jewellery
 a - the ring of Qekkukho (right claw) {rPois Int+5}
   (You found it on level 11 of the Dungeon)

   [ring of intelligence]

   It affects your intelligence (+5).
   It protects you from poison.
 m - an amulet of faith (around neck)
 D - a ring of wizardry (left claw)
 X - an uncursed ring of wizardry
Wands
 j - a wand of iceblast (7)
 F - a wand of paralysis (15)
 Y - a wand of acid (1)
Scrolls
 i - 5 scrolls of amnesia
 k - 3 scrolls of blinking
 p - 2 scrolls of teleportation
 q - 8 scrolls of remove curse
 v - 2 scrolls of enchant weapon
 w - 2 scrolls of enchant armour
 z - 2 scrolls of magic mapping
 J - a scroll of vulnerability {unknown}
 K - 9 scrolls of fear
 N - 2 scrolls of fog {unknown}
 T - 2 scrolls of holy word {unknown}
 W - 2 scrolls of immolation {unknown}
Potions
 c - 2 potions of haste
 e - a potion of magic
 l - 2 potions of brilliance {unknown}
 n - 2 potions of agility
 o - a potion of might {unknown}
 r - 2 potions of mutation {unknown}
 C - a potion of berserk rage {unknown}
 I - a potion of resistance
 P - 3 potions of curing
 U - 4 potions of heal wounds
Miscellaneous
 Z - a phial of floods (inert)
Comestibles
 d - 31 rations


   Skills:
 + Level 9.1 Fighting
 + Level 9.6 Maces & Flails
 + Level 9.3 Dodging
 - Level 1.0 Stealth
 + Level 6.7 Spellcasting
 - Level 6.6 Necromancy
   Level 0.6 Transmutations
 - Level 8.9 Earth Magic
 + Level 2.8 Evocations


You had 3 spell levels left.
You knew the following spells:

 Your Spells              Type           Power        Failure   Level  Hunger
a - Sandblast             Erth           ####..       1%          1    None
b - Stone Arrow           Conj/Erth      ###...       2%          3    ##.....
c - Vampiric Draining     Necr           ####......   1%          3    ##.....
d - Regeneration          Chrm/Necr      ###.......   4%          3    ##.....
e - Borgnjor's Vile Clut  Necr/Erth      ####......   6%          5    #####..
f - Lee's Rapid Deconstr  Erth           ####......   4%          5    #####..
g - Blink                 Tloc           N/A          9%          2    None

Your spell library contained the following spells:

 Spells                   Type           Power        Failure   Level  Hunger
 Animate Skeleton         Necr           N/A          1%          1    None
 Pain                     Necr           ####         1%          1    None
 Passwall                 Tmut/Erth      ###.....     1%          2    None
 Sublimation of Blood     Necr           ####......   1%          2    None
 Confusing Touch          Hex            #.....       6%          1    None
 Corona                   Hex            #......      6%          1    None
 Infusion                 Chrm           #...         6%          1    None
 Magic Dart               Conj           #...         6%          1    None
 Call Imp                 Summ           #.......     9%          2    None
 Ensorcelled Hibernation  Hex/Ice        #.....       9%          2    None
 Poisonous Vapours        Pois/Air       #.....       9%          2    None
 Shroud of Golubria       Chrm/Tloc      #.....       9%          2    None
 Slow                     Hex            #.......     9%          2    None
 Song of Slaying          Chrm           #.......     9%          2    None
 Confuse                  Hex            #.......     16%         3    ##.....
 Conjure Flame            Conj/Fire      #.......     16%         3    ##.....
 Gell's Gravitas          Tloc           #.........   16%         3    ##.....
 Inner Flame              Hex/Fire       #.......     16%         3    ##.....
 Mephitic Cloud           Conj/Pois/Air  #.......     16%         3    ##.....
 Portal Projectile        Hex/Tloc       #.....       16%         3    ##.....
 Spectral Weapon          Hex/Chrm       #.......     16%         3    ##.....
 Static Discharge         Conj/Air       #.......     16%         3    ##.....
 Animate Dead             Necr           N/A          3%          4    ####...
 Petrify                  Tmut/Erth      ###.....     8%          4    ####...
 Leda's Liquefaction      Hex/Erth       ###.......   9%          4    ####...
 Dispel Undead            Necr           ####....     10%         5    #####..
 Bolt of Draining         Conj/Necr      ###.......   34%         5    #####..
 Cause Fear               Hex            #.........   45%         4    ####...
 Death Channel            Necr           ####......   45%         6    #######
 Yara's Violent Unravell  Hex/Tmut       #.........   77%         5    #####..
 Lightning Bolt           Conj/Air       #.........   80%         5    #####..
 Metabolic Englaciation   Hex/Ice        #.........   80%         5    #####..
 Silence                  Hex/Air        #.........   80%         5    #####..
 Darkness                 Hex            #.........   100%        6    #######
 Deflect Missiles         Chrm/Air       #.........   100%        6    #######
 Freezing Cloud           Conj/Ice/Air   #.........   100%        6    #######
 Shadow Creatures         Summ           N/A          100%        6    #######
 Ring of Flames           Chrm/Fire      #.........   100%        7    #######
 Discord                  Hex            #.........   100%        8    #######
 Ignition                 Fire           #.........   100%        8    #######
 Shatter                  Erth           ####......   100%        9    #######
 Tornado                  Air            #.........   100%        9    #######


Dungeon Overview and Level Annotations

Branches:
Dungeon (13/15)            Temple (0/1) D:6            Lair (6/6) D:10
  Swamp (0/4) Lair:4       Spider (0/4) Lair:2          Orc (1/2) D:11
 Bailey (visited)
  Slime: Lair:5-6    Vaults: D:13-14

Altars:
Ashenzari
Cheibriados
Elyvilon
Kikubaaqudgha
Trog

Shops:
D:11 :

Portals:
Trove: D:11 (give 11 potions of heal wounds)

Annotations:
Lair:3 exclusion: oklob plant


Innate Abilities, Weirdness & Mutations

You are too large for most types of armour.
You have claws for hands.
Your metabolism is lightning-fast.
You like to eat raw meat.
Your natural rate of healing is unusually fast.
You are covered in fur. (AC +1)
You have extremely tough skin. (AC +3)
Armour fits poorly on your strangely shaped body.
Potions are less effective at restoring your health.
[You often lose your temper in combat.]
[Scrolls take you longer to read.]
[You are very clumsy. (Dex -4)]
[You are very dopey. (Int -4)]
[You are extremely frail. (-30% HP)]
[You sometimes yell uncontrollably at your foes.]
[You are very weak. (Str -4)]


Message History

Okay, then.
Evoke which item? (* to show all) (? for menu, Esc to quit)
Okay, then.
Really read with blurry vision while enemies are nearby?
The guardian serpent closely misses you.
You begin reading the scroll.
You continue reading the scroll.
The guardian serpent closely misses you.
The satyr shoots an arrow.
The arrow hits you!! The guardian serpent hits you!!
* * * LOW HITPOINT WARNING * * *
The orc priest shouts loudly, in orcish tradition.
As you read the scroll of teleportation, it crumbles to dust.
You feel strangely unstable.
You feel the power of the Abyss delaying your translocation!
Unknown command.
Your system partially rejects the healing.
You feel much better. The guardian serpent hits you!!
* * * LOW HITPOINT WARNING * * *
The satyr shoots an arrow.
The arrow hits you!!
You die...
Kikubaaqudgha rasps: "You have failed me!
Welcome... death!"

#. . #.. # #.#.#
.#.#.. ## ..#.##
.. #...## #.
#.cS.#
#..##.@##φ##
##..5##**.##
##.#..#xf...#
#..#..#Xx#..#
.#...#.#... .#
#....o5##... #
#......x.##.##
#.#.o.##§.#######
# ..#.##o5.. ...


You could see a starcursed mass, a thorn hunter, 2 wretched stars, a satyr, an
ancient zyme, a guardian serpent, 2 worldbinders, an iron imp, 2 orc priests and
an ufetubus.

Vanquished Creatures
  Nessos (Lair:5)
  2 hydras
  5 two-headed ogres
  2 iron trolls (D:12)
  3 unseen horrors (D:11)
  A lindwurm (Lair:3)
  A cyclops (D:12)
  An orc sorcerer (Bailey)
  3 oklob plants (Lair:1)
  Joseph (D:8)
  A water nymph (shapeshifter) (D:13)
  4 black mambas
  A gargoyle (D:11)
  6 spiny frogs
  A rime drake (Lair:4)
  4 komodo dragons
  A kobold demonologist (Bailey)
  A polar bear (Lair:2)
  13 trolls
  A hornet (Lair:2)
  5 dream sheep
  2 bog bodies (Lair:4)
  17 blink frogs
  5 hippogriffs
  2 water elementals
  2 spriggans
  Sigmund (D:2)
  2 wyverns
  A basilisk (Lair:2)
  28 yaks
  4 vampire mosquitoes
  2 hungry ghosts
  2 soldier ants
  7 water moccasins
  A swamp worm (Lair:4)
  11 porcupines
  11 orc warriors
  2 sky beasts
  2 phantoms
  2 ice beasts
  7 ogres
  2 necrophages
  3 wolves (Lair:3)
  6 centaurs
  8 crocodiles
  Blork the orc (D:6)
  17 bullfrogs
  2 gnoll sergeants
  4 scorpions
  12 killer bees
  30 wights
  2 vampire bats (D:2)
  6 howler monkeys
  6 crimson imps
  9 electric eels
  A quasit (D:10)
  2 bullfrog zombies
  4 jellies
  3 bullfrog skeletons
  2 gnoll shamans
  10 orc priests
  9 hounds
  2 iguanas
  18 orc wizards
  6 centaur skeletons
  5 hell rats
  16 worker ants
  2 worker ant zombies
  A howler monkey skeleton (D:7)
  37 gnolls
  16 adders
  6 shadow imps
  4 oozes
  An adder skeleton (D:4)
  3 dart slugs
  8 worms
  4 leopard geckos
  50 orcs
  4 bat skeletons (D:2)
  A bat zombie (D:2)
  4 giant cockroaches
  12 goblins
  14 hobgoblins
  8 jackals
  7 quokkas
  3 bats
  6 frilled lizards
  A jackal zombie (D:7)
  11 kobolds
  A leopard gecko skeleton (D:5)
  11 rats
  A plant (D:10)
571 creatures vanquished.

Vanquished Creatures (others)
  A bush (Lair:5)
  12 fungi
  9 plants
22 creatures vanquished.

Grand Total: 593 creatures vanquished

Notes
Turn   | Place    | Note
-------+----------+-------------------------------------------
     0 | D:1      | kkkmkkk the Troll Earth Elementalist began the quest for
                  | the Orb.
     0 | D:1      | Reached XP level 1. HP: 16/16 MP: 1/1
   262 | D:1      | Reached XP level 2. HP: 24/24 MP: 0/3
  1029 | D:2      | Reached XP level 3. HP: 32/32 MP: 0/4
  1085 | D:2      | Noticed Sigmund
  1126 | D:2      | Killed Sigmund
  1126 | D:2      | Reached skill level 1 in Fighting
  1126 | D:2      | Reached XP level 4. HP: 16/42 MP: 1/6
  1126 | D:2      | Reached XP level 5. HP: 19/49 MP: 1/7
  2127 | D:2      | Found an ancient bone altar of Kikubaaqudgha.
  2133 | D:2      | Reached skill level 1 in Maces & Flails
  2133 | D:2      | Reached XP level 6. HP: 57/57 MP: 1/8
  2144 | D:2      | Became a worshipper of Kikubaaqudgha
  3617 | D:4      | Reached XP level 7. HP: 50/67 MP: 7/9
  3625 | D:4      | Learned a level 3 spell: Stone Arrow
  4267 | D:4      | Found a shattered altar of Ashenzari.
  4545 | D:4      | Reached * piety under Kikubaaqudgha
  4545 | D:4      | Identified Kikubaaqudgha's Papyrus of Dark Magic
                  | (Kikubaaqudgha gifted it to you on level 4 of the Dungeon)
  4545 | D:4      | Received a gift from Kikubaaqudgha
  4551 | D:4      | Learned a level 3 spell: Vampiric Draining
  4828 | D:5      | Entered Level 5 of the Dungeon
  5940 | D:5      | Reached XP level 8. HP: 78/78 MP: 0/10
  6703 | D:5      | Found a white marble altar of Elyvilon.
  7419 | D:5      | Noticed a moth of wrath
  7421 | D:5      | Found a bloodstained altar of Trog.
  7833 | D:6      | Reached skill level 1 in Necromancy
  7877 | D:6      | Reached ** piety under Kikubaaqudgha
  7940 | D:6      | Found a staircase to the Ecumenical Temple.
  7997 | D:6      | Reached skill level 5 in Dodging
  7997 | D:6      | Reached XP level 9. HP: 72/85 MP: 0/12
  8091 | D:6      | Reached skill level 5 in Earth Magic
  8994 | D:7      | Found a snail-covered altar of Cheibriados.
  9564 | D:6      | Reached *** piety under Kikubaaqudgha
  9564 | D:6      | Identified Kikubaaqudgha's Compendium of Stolen Souls
                  | (Kikubaaqudgha gifted it to you on level 6 of the Dungeon)
  9564 | D:6      | Received a gift from Kikubaaqudgha
  9760 | D:6      | Reached skill level 5 in Fighting
 10083 | D:6      | Noticed Blork the orc
 10094 | D:6      | Killed Blork the orc
 10183 | D:6      | Reached skill level 5 in Maces & Flails
 11761 | D:7      | Reached XP level 10. HP: 96/96 MP: 1/14
 12053 | D:7      | Reached **** piety under Kikubaaqudgha
 12881 | D:8      | Noticed a two-headed ogre
 14147 | D:8      | Killed a two-headed ogre
 14344 | D:8      | Noticed Joseph
 14621 | D:8      | Learned a level 4 spell: Petrify
 14633 | D:8      | Killed Joseph
 15317 | D:9      | Noticed a two-headed ogre
 16189 | D:9      | Reached ***** piety under Kikubaaqudgha
 17202 | D:10     | Entered Level 10 of the Dungeon
 17584 | D:10     | Found a staircase to the Lair.
 17686 | D:10     | Reached XP level 11. HP: 83/105 MP: 0/16
 17934 | D:10     | Noticed a two-headed ogre
 17945 | D:10     | Killed a two-headed ogre
 18758 | D:10     | Noticed a two-headed ogre
 18814 | D:11     | Found a staircase to the Orcish Mines.
 18842 | Orc:1    | Entered Level 1 of the Orcish Mines
 19426 | D:11     | Got a steaming bronze ring
 19634 | D:10     | Identified the ring of Qekkukho {rPois Int+5} (You found it
                  | on level 11 of the Dungeon)
 19865 | D:10     | Killed a two-headed ogre
 20400 | D:11     | Killed an unseen horror
 20834 | D:10     | Reached skill level 5 in Necromancy
 20951 | Lair:1   | Entered Level 1 of the Lair of Beasts
 21409 | Lair:1   | Got a twisted falchion
 21420 | Lair:1   | Noticed an oklob plant
 21433 | Lair:1   | Learned a level 5 spell: Borgnjor's Vile Clutch
 21501 | Lair:2   | Noticed a six-headed hydra
 21521 | Lair:2   | Killed a six-headed hydra
 21521 | Lair:2   | Reached skill level 5 in Spellcasting
 21717 | Lair:2   | Found a hole to the Spider Nest.
 23282 | Lair:3   | Noticed an eight-headed hydra
 23943 | Lair:3   | Reached XP level 12. HP: 89/118 MP: 2/18
 24148 | Lair:3   | Killed an eight-headed hydra
 24321 | Lair:3   | Learned a level 5 spell: Lee's Rapid Deconstruction
 27286 | Lair:4   | Found a staircase to the Swamp.
 27522 | Lair:4   | Learned a level 3 spell: Regeneration
 28088 | Lair:5   | Noticed Nessos
 28824 | Lair:5   | Killed Nessos
 28824 | Lair:5   | Reached XP level 13. HP: 62/127 MP: 15/20
 30723 | Lair:6   | Entered Level 6 of the Lair of Beasts
 32441 | D:11     | Found a portal to a secret trove of treasure.
 32817 | D:11     | Reached skill level 1 in Evocations
 33173 | D:11     | Found Kielaolama's Book Shop.
 33176 | D:11     | Bought a book of Minor Magic for 280 gold pieces
 33179 | D:11     | Learned a level 2 spell: Blink
 35224 | D:12     | Reached ****** piety under Kikubaaqudgha
 36314 | D:13     | Found a flagged portal.
 36328 | Bailey   | Entered a bailey
 36537 | Bailey   | Found an iron altar of Okawaru.
 36792 | Bailey   | Gained mutation: Armour fits poorly on your strangely
                  | shaped body. [the power of Zot]
 36818 | Bailey   | Cast into level 3 of the Abyss (the power of Zot)
 36886 | Abyss:3  | Gained mutation: Potions are less effective at restoring
                  | your health. [a neqoxec]
 36899 | Abyss:3  | Noticed a thorn hunter
 36901 | Abyss:3  | Noticed a starcursed mass
 36908 | Abyss:3  | Shot with an arrow by a satyr

Levels and vault maps discovered:
D:1:      eino_arrival_water_star, layout_basic
D:2:      layout_basic, kennysheep_vampire_church, uniq_sigmund
D:3:      layout_basic
D:4:      layout_basic, lemuel_doored_altar, first_ration
D:5:      minmay_bubble_buster, layout_loops_corners,
          lemuel_coloured_pillars_altar, tgw_trog
D:6:      kennysheep_housing_project, layout_layer_cave,
          minmay_temple_entry_statues, uniq_blork_the_orc
D:7:      layout_loops_ring, abandoned_shop, the_bakery, cheibriados_altar_1
D:8:      layout_basic, uniq_joseph
D:9:      layout_small_grid, serial_glass, glass_columns_c, glass_columns_c,
          glass_columns_b, glass_columns_a, glass_columns_b, glass_columns_a,
          glass_columns_a, glass_columns_a, kennysheep_nub, library_closet
D:10:     cheibrodos_two_vegetables, layout_loops_ring, lair_entry_dummy
D:11:     layout_grid_maze, orc_0_dummy, serial_shops,
          nicolae_shop_behind_doors, nicolae_trove_entry_crystal
D:12:     lemuel_troll_bridge, layout_rooms
D:13:     layout_gridville, enter_bailey_2, fungi_pond_lemuel,
          minmay_fire_ice_demons
Lair:1:   layout_concentric_octagons, minmay_lair_oklob_chamber,
          grunt_megastairs_2
Lair:2:   layout_long_grid, nicolae_spider_entry_non_spiders,
          lemuel_old_faithful
Lair:3:   layout_layer_cave, nicolae_volcano_entry_vermiform,
          grunt_forest_large_clearing_hut, serial_bayou_shore_b
Lair:4:   layout_regular_city, nicolae_swamp_entry_splash_gauntlet,
          lemuel_fruit_fields, infiniplex_staircase_pool, serial_bayou_shore_a
Lair:5:   layout_small_grid, columned_hall_lemuel, uniq_nessos
Lair:6:   hangedman_lair_caniforms_friends, layout_hall_layers,
          nicolae_slime_entry_slimehenge, chequers_serial_rivers_room_b
Orc:1:    layout_caves
Abyss:3:  minivault_5, minivault_5, hangedman_decor_peaks_small,
          nicolae_abyss_rune_left_handed
Bailey:   bailey_axe_of_yendor_kennysheep, bailey

Skill      XL: |  1  2  3  4  5  6  7  8  9 10 11 12 13 |
---------------+----------------------------------------+-----
Dodging        | 2 3 4 5 6 7 8 9 |  9.3
Earth Magic    | 3 4 5 6 7 8 |  8.9
Fighting       | 1 2 3 4 5 6 7 8 9 |  9.1
Spellcasting   | 2 3 4 5 6 |  6.7
Maces & Flails | 1 2 3 4 5 6 7 8 9 |  9.6
Necromancy     | 1 3 4 5 6 |  6.6
Evocations     | 2 |  2.8
Stealth        | |  1.0
Transmutations | |  0.6

Action                   |  1- 3 |  4- 6 |  7- 9 | 10-12 | 13-15 || total
-------------------------+-------+-------+-------+-------+-------++-------
Melee: Unarmed           |    65 |     3 |       |       |       ||    68
       Club              |       |    15 |       |       |       ||    15
       Flail             |       |    49 |   347 |   473 |   260 ||  1129
 Cast: Sandblast         |    13 |    83 |    50 |   217 |    93 ||   456
       Stone Arrow       |       |       |   123 |   353 |   122 ||   598
       Vampiric Draining |       |       |       |    12 |    22 ||    34
       Petrify           |       |       |       |     2 |       ||     2
       Borgnjor's Vile C |       |       |       |     9 |    39 ||    48
       Lee's Rapid Decon |       |       |       |       |     5 ||     5
       Regeneration      |       |       |       |       |     1 ||     1
Invok: Receive Corpses   |       |       |     1 |     9 |     6 ||    16
Evoke: Wand              |       |       |       |    27 |    22 ||    49
       Phial of floods   |       |       |       |       |     1 ||     1
  Use: Potion            |     2 |       |     6 |     6 |     2 ||    16
       Scroll            |       |       |    10 |     6 |     6 ||    22
 Stab: Sleeping          |     3 |     3 |       |       |       ||     6
       Paralysed         |       |       |       |    10 |       ||    10
       Distracted        |       |       |       |       |     1 ||     1
  Eat: Chunk             |    10 |    24 |    66 |   184 |    85 ||   369
       Ration            |       |       |     8 |     7 |     3 ||    18
Armor: Robe              |    18 |    60 |   114 |   246 |   156 ||   594
       Skin              |       |       |    12 |       |       ||    12
Dodge: Dodged            |    21 |    77 |   290 |   528 |   241 ||  1157
